 Dungeon Crawl Stone Soup version 0.23-a0-537-g04293e54a7 (webtiles) character file.

1676 Leibowitz the Spear-Bearer (level 9, -22/68 HPs)
             Began as a Merfolk Gladiator on Dec 7, 2018.
             Was a Follower of Trog.
             Annihilated by an orc knight
             ... wielding a +0 glaive
              (24 damage)
             ... in a bailey.
             The game lasted 00:15:58 (6876 turns).

Leibowitz the Spear-Bearer (Merfolk Gladiator)      Turns: 6876, Time: 00:15:58

Health: -22/68     AC: 15    Str: 14    XL:     9   Next: 1%
Magic:  9/9        EV:  9    Int:  8    God:    Trog [*.....]
Gold:   383        SH:  0    Dex: 18    Spells: 8/8 levels left

rFire    + . .     SeeInvis .   a - +0 trident
rCold    . . .     Gourm    .   (no shield)
rNeg     + . .     Faith    .   C - +2 chain mail {rF+}
rPois    .         Spirit   .   c - +0 helmet
rElec    .         Reflect  .   d - +2 cloak
rCorr    +         Harm     .   (no gloves)
MR       .....                  (no boots)
Stlth    ..........             (no amulet)
HPRegen  0.21/turn              t - ring of resist corrosion
MPRegen  0.11/turn              o - ring of positive energy

@: no status effects
A: change form in water, swift swim, stealthy swim
a: Berserk, Renounce Religion


You were in a bailey.
You worshipped Trog.
Trog was aware of your devotion.
You were not hungry.

You visited 2 branches of the dungeon, and saw 8 of its levels.
You also visited: Bailey.

You collected 383 gold pieces.

Inventory:

Hand Weapons
 a - a +0 trident (weapon)
Armour
 c - a +0 helmet (worn)
 d - a +2 cloak (worn)
 u - a scarf of cloud immunity
 C - a +2 chain mail of fire resistance (worn)
Jewellery
 g - an uncursed ring of wizardry
 o - a ring of positive energy (right hand)
 t - a ring of resist corrosion (left hand)
 z - an uncursed ring of magical power
Wands
 q - a wand of digging (5)
 B - a wand of polymorph (12)
Scrolls
 e - 4 scrolls of identify
 h - 2 scrolls of remove curse
 i - 7 scrolls of teleportation
 k - 5 scrolls of magic mapping
 p - 2 scrolls of noise {unknown}
 s - a scroll of enchant weapon {unknown}
 v - a scroll of random uselessness {unknown}
 x - a scroll of blinking {unknown}
 y - a scroll of silence {unknown}
 A - a scroll of immolation {unknown}
Potions
 l - a potion of agility
 m - a potion of curing
 n - a potion of haste
 r - a potion of berserk rage
Comestibles
 f - 11 rations


   Skills:
 * Level 5.6 Fighting
 * Level 11.6 Polearms
 - Level 2.0 Throwing
 * Level 3.1 Armour
 * Level 7.2 Dodging


You had 8 spell levels left.
You didn't know any spells.
Your spell library was empty.

Dungeon Overview and Level Annotations

Branches:
Dungeon (7/15)             Temple (1/1) D:6

Altars:
Ashenzari
Cheibriados
Dithmenos
Elyvilon
Fedhas
Gozag
Hepliaklqana
Kikubaaqudgha
Makhleb
Nemelex Xobeh
Okawaru
Qazlal
Ru
Sif Muna
Trog
Uskayaw
Vehumet
Wu Jian
Xom
Yredelemnul
Zin
The Shining One


Message History

You start resting.
HP restored.
All of the chunks of flesh in your inventory have rotted away.
There is a large open door here.
There is a large open door here.
There is an open door here.
The orc warrior barely misses you.
The orc knight roars a battlecry!
The orc warriors go into a battle-frenzy!
The orc warrior hits you from afar with a +0 bardiche!
The orc warrior hits you from afar with a +0 bardiche!!
The orc knight closely misses you.
The orc knight hits you from afar with a +0 glaive!
* * * LOW HITPOINT WARNING * * *
The orc warrior hits you from afar with a +0 bardiche!
* * * LOW HITPOINT WARNING * * *
Unknown command.
You open the door.
The orc knight hits you from afar with a +0 glaive!!
You die...

#.≈.#########'###+#############.≈
#.≈.##.....##.........## ##.≈
#.≈..##...##..≈§≈≈≈≈≈..# ##..≈
#.≈≈..##.##..≈§.....§≈.. ##..≈≈
#∩.≈≈..#'#..≈≈..⌠∩⌠..≈≈. #..≈≈.
##.≈≈..#'#..≈§.oo⌠...≈≈. #..≈≈.
#.≈≈..##.#'..≈≈oo...≈≈.. ##.)≈≈
#.≈..##...##..≈≈§≈≈≈§..# ##.)≈
#.≈)##.....##...@.....# .$$$.##.≈
#.≈)#############'##### #######.≈
#.≈....).)...## ... #####..≈
#.≈≈≈≈≈≈≈≈≈≈..## )[#######≈≈≈≈≈≈≈
#..........≈≈..##.##...##........
##########..≈≈..###..≈..##.######
##..≈≈.....≈≈...##...###
##..≈≈≈≈≈≈≈..#######..∩
##.........## ####


You could see an orc knight and 3 orc warriors.

Vanquished Creatures
  Prince Ribbit (D:6)
  Grinder (D:4)
  Edmund (D:6)
  2 centaurs (D:6)
  A big kobold (D:7)
  A bullfrog (D:7)
  A wyvern skeleton (D:6)
  2 crimson imps (D:5)
  Crazy Yiuf (D:3)
  3 hounds
  4 orc priests
  2 bullfrog skeletons
  Terence (D:2)
  3 orc wizards
  2 iguanas
  A worker ant (D:4)
  7 adders
  4 gnolls (D:2)
  A shadow imp (D:5)
  2 oozes (D:3)
  3 adder skeletons
  3 worms
  A dart slug (D:1)
  A leopard gecko (D:3)
  36 orcs
  3 giant cockroaches
  6 hobgoblins
  8 jackals
  8 kobolds
  A quokka (D:2)
  2 ball pythons
  5 bats
  11 goblins
  11 rats
140 creatures vanquished.

Notes
Turn   | Place    | Note
-------+----------+-------------------------------------------
     0 | D:1      | Leibowitz the Merfolk Gladiator began the quest for the
                  | Orb.
     0 | D:1      | Reached XP level 1. HP: 16/16 MP: 1/1
    45 | D:1      | Reached XP level 2. HP: 12/22 MP: 2/2
   663 | D:1      | Reached skill level 5 in Polearms
   824 | D:2      | Reached XP level 3. HP: 7/28 MP: 3/3
  1237 | D:2      | Noticed Terence
  1250 | D:2      | Reached skill level 1 in Armour
  1250 | D:2      | Reached XP level 4. HP: 30/34 MP: 4/4
  1271 | D:2      | Killed Terence
  1271 | D:2      | Reached skill level 6 in Polearms
  1963 | D:2      | Reached XP level 5. HP: 41/41 MP: 5/5
  3200 | D:3      | Found a runed door.
  3204 | D:3      | Noticed Crazy Yiuf
  3212 | D:3      | Killed Crazy Yiuf
  3212 | D:3      | Reached skill level 7 in Polearms
  3212 | D:3      | Reached skill level 5 in Dodging
  3300 | D:4      | Reached XP level 6. HP: 34/47 MP: 6/6
  3772 | D:4      | Noticed Grinder
  3774 | D:4      | Paralysed by Grinder for 2 turns
  3796 | D:4      | HP: 2/47 [Grinder (1)]
  3797 | D:4      | Killed Grinder
  3797 | D:4      | Reached skill level 8 in Polearms
  3797 | D:4      | Reached XP level 7. HP: 3/54 MP: 7/7
  4535 | D:4      | Found a sacrificial altar of Ru.
  4589 | D:5      | Entered Level 5 of the Dungeon
  4675 | D:5      | Reached skill level 9 in Polearms
  5390 | D:6      | Noticed Prince Ribbit
  5469 | D:6      | Killed Prince Ribbit
  5469 | D:6      | Reached skill level 10 in Polearms
  5469 | D:6      | Reached XP level 8. HP: 35/61 MP: 8/8
  5956 | D:6      | Found a staircase to the Ecumenical Temple.
  5956 | D:6      | Noticed Edmund
  5994 | D:6      | Killed Edmund
  5994 | D:6      | Reached skill level 5 in Fighting
  6032 | Temple   | Entered the Ecumenical Temple
  6116 | Temple   | Became a worshipper of Trog the Wrathful
  6144 | D:6      | Reached skill level 11 in Polearms
  6481 | D:7      | Found a flagged portal.
  6491 | D:7      | Reached XP level 9. HP: 55/68 MP: 9/9
  6531 | Bailey   | Entered a bailey
  6609 | Bailey   | Reached * piety under Trog
  6646 | Bailey   | Noticed an orc knight
  6875 | Bailey   | HP: 1/68 [orc warrior/+0 bardiche (14)]
  6876 | Bailey   | Annihilated by an orc knight

Vault maps used:
D:1:      scummos_arrival_hexagon
D:2:      serial_co_window_serial, co_window_paths_b, co_window_paths_b,
          co_window_corner_a, co_window_paths_a, co_window_paths_b,
          co_window_corner_cb, co_window_corner_b, co_window_unsneaky_path_a,
          co_window_sun, co_window_4corner_a, uniq_terence
D:3:      first_ration, chequers_hall_statues_y, uniq_crazy_yiuf_cottage
D:4:      nicolae_ru_path_of_blood, uniq_grinder
D:5:      minmay_misc_feat_diagonals
D:6:      minmay_temple_entry_purple_smoke, uniq_edmund, uniq_prince_ribbit1
D:7:      enter_bailey_3, chequers_serial_rivers_room_a, grunt_livestock
Temple:   dpeg_three_leaves_temple
Bailey:   bailey_polearm_1, bailey

Skill      XL: |  1  2  3  4  5  6  7  8 |
---------------+-------------------------+-----
Polearms       | 5 6 7 8 10 11 | 11.6
Armour         | 1 2 3 |  3.1
Fighting       | 3 4 5 |  5.6
Dodging        | 5 6 7 |  7.2
Throwing       | |  2.0

Action                   |  1- 3 |  4- 6 |  7- 9 || total
-------------------------+-------+-------+-------++-------
Melee: Trident           |    90 |   190 |   401 ||   681
       Tailslap          |       |       |    14 ||    14
Throw: Throwing net      |       |     3 |       ||     3
  Use: Potion            |     1 |       |     1 ||     2
       Scroll            |       |       |     8 ||     8
 Stab: Sleeping          |       |     1 |     2 ||     3
  Eat: Chunk             |     1 |     8 |    10 ||    19
Armor: Leather armour    |    16 |    20 |    51 ||    87
       Chain mail        |       |       |    67 ||    67
Dodge: Dodged            |    72 |    94 |   205 ||   371

Table legend:
 A = Non-vault XP
 B = Vault XP
 C = Vault XP percentage of total XP
 D = Non-vault monster count
 E = Vault monster count
 F = Vault count percentage of total count
                 A         B        C        D         E       F
            +---------+---------+-------+---------+---------+-------
      Total |    1542 |     853 |  35.6 |     118 |      22 |  15.7
            +---------+---------+-------+---------+---------+-------
        D:1 |      30 |       0 |   0.0 |      18 |       0 |   0.0
        D:2 |     106 |      36 |  25.4 |      19 |       1 |   5.0
        D:3 |     106 |      42 |  28.4 |      21 |       1 |   4.5
        D:4 |     245 |     267 |  52.1 |      19 |       1 |   5.0
        D:5 |     276 |       0 |   0.0 |      14 |       0 |   0.0
        D:6 |     415 |     462 |  52.7 |      15 |       2 |  11.8
        D:7 |     364 |       7 |   1.9 |      12 |       4 |  25.0
     Bailey |       0 |      39 | 100.0 |       0 |      13 | 100.0
            +---------+---------+-------+---------+---------+-------
